 Dungeon Crawl Stone Soup version 0.32-a0-599-gba8f9cf90e (webtiles) character file.

Game seed: 16506394949500110487

7845 anacleto the Mimic (level 11, -7/94 HPs)
             Began as a Troll Shapeshifter on Mar 2, 2024.
             Was a Believer of the Shining One.
             Mangled by an orc warrior
             ... wielding a +0 glaive
              (18 damage)
             ... on level 9 of the Dungeon.
             The game lasted 00:19:32 (9217 turns).

anacleto the Mimic (Troll Shapeshifter)             Turns: 9217, Time: 00:19:32

Health: -7/94      AC:  4    Str: 28    XL:     11   Next: 2%
Magic:  16/16      EV: 10    Int:  6    God:    the Shining One [**....]
Gold:   433        SH:  0    Dex:  9    Spells: 10/10 levels left

rFire   + .          .
                       - Unarmed
rCold   . . .        (no shield)
rNeg    + . .        a - +0 animal skin
rPois   .            (helmet currently unavailable)
rElec   .            A - melded scarf {rC+ rF+}
rCorr   .            (gloves unavailable)
SInv    .            (boots unavailable)
Will    .....        (no amulet)
Stlth   +            f - ring of protection from fire
HPRegen 1.15/turn    (no ring)
MPRegen 0.15/turn

%: no passive effects
@: beast-form, glowing
A: beast (slay +4), large, unfitting armour, claws 3, regeneration 1, shaggy fur
1, tough skin 1
a: Begin Untransformation, Renounce Religion, Divine Shield


You were on level 9 of the Dungeon.
You worshipped the Shining One.
The Shining One was pleased with you.
You were a hulking beast.
You visited 2 branches of the dungeon, and saw 10 of its levels.

You collected 433 gold pieces.

Inventory:

Missiles
 e - 22 poisoned darts
 h - an atropa-tipped dart (quivered)
Armour
 a - a +0 animal skin (worn)
 A - a scarf of resistance (melded)
Jewellery
 f - a ring of protection from fire (left claw)
 o - a ring of ice
 C - a ring of protection from cold
 E - the ring "Hohagrar" {rElec rPois rF+ rCorr Int+2}
   (You found it on level 8 of the Dungeon)

   [ring of protection from fire]

   Int+2:     It affects your intelligence (+2).
   rF+:       It protects you from fire.
   rElec:     It insulates you from electricity.
   rPois:     It protects you from poison.
   rCorr:     It protects you from acid and corrosion.
Talismans
 c - a beast talisman (active)
 d - a flux talisman
Wands
 l - a wand of warping (6)
 r - a wand of paralysis (13)
 t - a wand of flame (56)
Scrolls
 g - 2 scrolls of poison
 j - 2 scrolls of enchant armour
 k - 4 scrolls of revelation
 n - a scroll of vulnerability
 q - a scroll of teleportation
 s - a scroll of fear {unknown}
 u - 2 scrolls of immolation {unknown}
 y - a scroll of noise {unknown}
Potions
 b - a potion of lignification
 i - a potion of heal wounds
 m - 2 potions of brilliance {unknown}
 p - a potion of haste {unknown}
 v - 4 potions of mutation {unknown}
 w - a potion of enlightenment {unknown}
 x - a potion of curing {unknown}
 z - a potion of berserk rage {unknown}
 B - a potion of might {unknown}
 D - 2 potions of invisibility {unknown}


   Skills:
 - Level 2.3 Fighting
 - Level 2.0 Throwing
 - Level 2.8 Dodging
 - Level 4.1 Unarmed Combat
 + Level 8.2 Invocations
 * Level 12.5 Shapeshifting


You had 10 spell levels left.
You didn't know any spells.
Your spell library contained the following spells:

 Spells                   Type           Power      Damage    Failure   Level
 Apportation              Tloc           0%         N/A       45%         1
 Kiss of Death            Conj/Necr      0%         2d5       45%         1
 Jinxbite                 Hex            0%         N/A       58%         2
 Scorch                   Fire           0%         2d5       58%         2
 Confusing Touch          Hex            0%         N/A       83%         3
 Dazzling Flash           Conj/Hex       0%         N/A       83%         3
 Mephitic Cloud           Conj/Alch/Air  0%         N/A       83%         3
 Stone Arrow              Conj/Erth      0%         3d7       83%         3
 Animate Armour           Summ/Erth      0%         N/A       99%         4
 Dispel Undead            Necr           0%         3d6       99%         4
 Flame Wave               Conj/Fire      0%         2d4       99%         4
 Alistair's Intoxication  Alch           0%         N/A       100%        5
 Curse of Agony           Necr           0%         N/A       100%        5
 Silence                  Hex/Air        0%         N/A       100%        5
 Summon Cactus Giant      Summ           0%         N/A       100%        6
 Lehudib's Crystal Spear  Conj/Erth      0%         10d2      100%        8


Dungeon Overview and Level Annotations

Branches:
Dungeon (9/15)             Temple (1/1) D:5            Lair (0/5) D:8
    Orc: D:9-12

Altars:
Ashenzari
Cheibriados
Dithmenos
Elyvilon
Fedhas
Gozag
Hepliaklqana
Kikubaaqudgha
Makhleb
Okawaru
Qazlal
Ru
Sif Muna
Trog
Uskayaw
Vehumet
Wu Jian
Xom
Yredelemnul
Zin
The Shining One

Annotations:
D:7 3 runed translucent doors, jr88keys's ghost, novice MiFi


Innate Abilities, Weirdness & Mutations

You are a hulking beast.
Your limbs bulge with bestial killing power. (Slay +4)
You are too large for most types of armour.
You have claws for hands.
Your natural rate of healing is unusually fast.
You are covered in fur. (AC +1)
You have tough skin. (AC +1)


Message History

a +0 whip; a +0 whip The orc wizard shouts!
You hear a shout!
An orc comes into view. It is wielding a +0 mace.
You claw the orc wizard!
The orc wizard is almost dead.
The orc closely misses you.
You scratch the orc wizard.
You kill the orc wizard!
The orc hits you but does no damage. The orc hits you with a +0 mace.
You barely miss the orc. The orc warrior barely misses you.
The orc hits you from afar with a +0 trident.
The orc hits you with a +0 mace!
You barely miss the orc.
The orc warrior hits you from afar with a +0 glaive!
The orc hits you from afar with a +0 trident.
You claw the orc!
You kill the orc!
The orc warrior hits you from afar with a +0 glaive!!
The orc misses you.
The orc warrior hits you with a +0 glaive.
The orc barely misses you.
You claw the orc!
You kill the orc!
The orc warrior hits you with a +0 glaive.
You scratch the orc warrior but do no damage.
The orc warrior barely misses you.
You scratch the orc warrior but do no damage.
The orc warrior hits you with a +0 glaive!
* * * LOW HITPOINT WARNING * * *
You scratch the orc warrior.
The orc warrior is lightly wounded.
The orc warrior barely misses you.
You claw the orc warrior!
The orc warrior is almost dead.
The orc warrior hits you with a +0 glaive!
* * * LOW HITPOINT WARNING * * *
You scratch the orc warrior but do no damage.
The orc warrior is almost dead.
The orc warrior hits you with a +0 glaive!!
You die...

#.# #.# #.# #.######## #.#
#.######.###......... #.#
#.#..........######## #.#
#.#.####.###.# #.# #.#.#
#.# #.# #.## #.#)# #.# #.#
#..# #.#.####.###.# ##.#
#.#$.........# #.#
#.#.h....###.#
#.#####.#o)##### #.#
#.##...)...# #.########
#.#.....#.## #.........
#.#..###.[.#######.#.#.####
#)#..###...........#.#.#
#.#....#...#########.#.#
#.##.#.#.###########.#.#
#.##.#.#.###.........#.##


You could see an orc warrior.

Vanquished Creatures
  Gastronok (D:9)
  A two-headed ogre (D:8)
  Maurice (D:7)
  Grinder (D:6)
  A troll (D:7)
  A hornet (D:6)
  A vampire (D:9)
  2 wyverns
  A steam dragon (D:7)
  A yak (D:6)
  Eustachio (D:4)
  Menkaure (D:6)
  2 water moccasins
  2 ice beasts
  An orc warrior (D:7)
  A black bear (D:7)
  5 ogres
  4 wolves
  3 centaurs
  A bullfrog (D:6)
  3 kobold brigands
  2 scorpions
  A gnoll sergeant (D:9)
  10 wights
  6 killer bees (D:9)
  3 electric eels
  4 howler monkeys
  A jelly (D:5)
  2 bombardier beetles
  4 orc priests
  9 hounds
  A gnoll bouda (D:7)
  2 iguanas
  2 sleepcaps
  14 orc wizards
  2 adders
  15 gnolls
  A shadow imp (D:8)
  4 dart slugs
  35 orcs
  9 bats
  8 endoplasms
  4 giant cockroaches
  3 goblins
  9 hobgoblins
  4 jackals
  A quokka (D:2)
  7 ball pythons
  3 frilled lizards
  18 kobolds
  3 rats
222 creatures vanquished.

Notes
Turn   | Place    | Note
-------+----------+-------------------------------------------
     0 | D:1      | anacleto the Troll Shapeshifter began the quest for the
                  | Orb.
     0 | D:1      | Reached XP level 1. HP: 18/18 MP: 0/0
    63 | D:1      | Reached skill level 1 in Fighting
    63 | D:1      | Reached XP level 2. HP: 27/27 MP: 1/1
   768 | D:2      | Reached XP level 3. HP: 32/33 MP: 2/2
  1504 | D:2      | Found a faded altar of an unknown god.
  2048 | D:3      | Reached XP level 4. HP: 41/41 MP: 3/3
  2285 | D:4      | Noticed Eustachio
  2296 | D:4      | Killed Eustachio
  2297 | D:4      | Reached skill level 1 in Throwing
  2297 | D:4      | Reached skill level 4 in Shapeshifting
  2297 | D:4      | Reached XP level 5. HP: 45/49 MP: 4/4
  2470 | D:4      | Reached XP level 6. HP: 39/57 MP: 5/5
  2966 | D:5      | Entered Level 5 of the Dungeon
  3148 | D:5      | Found a staircase to the Ecumenical Temple.
  3176 | Temple   | Entered the Ecumenical Temple
  3187 | Temple   | Became a worshipper of the Shining One
  3646 | D:5      | Reached skill level 5 in Shapeshifting
  3657 | D:5      | Reached XP level 7. HP: 14/66 MP: 6/6
  3740 | D:5      | Reached skill level 1 in Invocations
  3796 | D:5      | You fall into a shaft and drop 2 floors!
  3818 | D:7      | Reached skill level 6 in Shapeshifting
  3868 | D:7      | Noticed a steam dragon
  3896 | D:7      | Killed a steam dragon
  3897 | D:7      | Reached XP level 8. HP: 57/74 MP: 7/9
  3924 | D:7      | Reached skill level 7 in Shapeshifting
  4059 | D:5      | Identified the +0 leather armour of Gaxkadu {Int+3}
  4581 | D:6      | Noticed a hornet
  4591 | D:6      | Killed a hornet
  4592 | D:6      | Reached skill level 8 in Shapeshifting
  5002 | D:6      | Noticed Grinder
  5006 | D:6      | Paralysed by Grinder for 2 turns
  5023 | D:6      | Killed Grinder
  5101 | D:6      | Reached XP level 9. HP: 80/80 MP: 11/11
  5123 | D:6      | Reached skill level 5 in Invocations
  5160 | D:6      | Reached skill level 9 in Shapeshifting
  5250 | D:6      | Reached * piety under the Shining One
  5295 | D:6      | Noticed Menkaure
  5306 | D:6      | Killed Menkaure
  6225 | D:7      | Reached skill level 10 in Shapeshifting
  6253 | D:7      | Found a runed translucent gate.
  6254 | D:7      | Found a runed translucent gate.
  6254 | D:7      | Noticed jr88keys's ghost (novice MiFi)
  6255 | D:7      | Found a runed translucent gate.
  6805 | D:8      | Noticed a troll
  6805 | D:8      | Reached ** piety under the Shining One
  6806 | D:8      | Noticed a two-headed ogre
  6929 | D:8      | Noticed Maurice
  6940 | D:7      | Maurice stole a ring of ice
  6941 | D:7      | Killed Maurice
  6942 | D:7      | Reached XP level 10. HP: 72/88 MP: 8/13
  7346 | D:8      | Found a staircase to the Lair.
  7567 | D:7      | Reached skill level 11 in Shapeshifting
  7903 | D:8      | Killed a two-headed ogre
  7966 | D:8      | Identified the ring "Hohagrar" {rElec rPois rF+ rCorr
                  | Int+2}
  8090 | D:8      | Found an ornate altar of the Wu Jian Council.
  8721 | D:9      | Reached skill level 12 in Shapeshifting
  8891 | D:9      | Noticed Gastronok
  8908 | D:9      | Killed Gastronok
  9054 | D:9      | Reached XP level 11. HP: 64/92 MP: 16/16
  9184 | D:9      | Noticed a two-headed ogre
  9217 | D:9      | Mangled by an orc warrior

Illustrated notes

Levels and vault maps discovered:
D:1:      eino_arrival_water_cross, layout_basic
D:2:      layout_basic, chequers_ecumenical_altar_lobes
D:3:      layout_loops_cross
D:4:      layout_cave_pools, uniq_eustachio
D:5:      layout_basic, minmay_temple_entry_ruins
D:6:      layout_cave_pods, nicolae_kite_square_tiling_tiny, kb_rosetta,
          uniq_grinder, uniq_menkaure
D:7:      layout_rooms, gammafunk_ghost_nasty_kobolds
D:8:      layout_rooms, nicolae_overflow_crystal_walls, erik_lair_island,
          uniq_maurice
D:9:      layout_loops_ring, uniq_gastronok
Temple:   nicolae_temple_slightly_damp_pantheon

Skill      XL: |  1  2  3  4  5  6  7  8  9 10 |
---------------+-------------------------------+-----
Fighting       | 1 2 |  2.3
Dodging        | 2 |  2.8
Throwing       | 1 2 |  2.0
Shapeshifting  | 4 5 6 8 10 12 | 12.5
Unarmed Combat | 4 |  4.1
Invocations    | 3 4 6 8 |  8.2

Action                     |  1- 3 |  4- 6 |  7- 9 | 10-12 || total
---------------------------+-------+-------+-------+-------++-------
  Melee: Unarmed           |   101 |    97 |   189 |   198 ||   585
         Punch             |       |     2 |     7 |     6 ||    15
  Throw: Dart              |       |       |    27 |     6 ||    33
 Invoke: Divine Shield     |       |       |     3 |     1 ||     4
Ability: Begin Untransform |       |       |     1 |       ||     1
  Evoke: Wand              |       |       |       |     4 ||     4
    Use: Scroll            |       |     3 |     4 |     2 ||     9
         Potion            |       |       |       |     2 ||     2
 Armour: Animal skin       |    81 |   118 |   133 |   175 ||   507
         Skin              |       |       |       |    17 ||    17
  Dodge: Dodged            |    52 |    33 |    98 |   103 ||   286
  Block: Other             |       |       |    11 |     6 ||    17
   Form: Beast             |       |       |     1 |       ||     1

Table legend: (Time is in decaauts)
 A = Elapsed time spent in this place.
 B = Non-inter-level travel time spent in this place.
 C = Inter-level travel time spent in this place.
 D = Time resting spent in this place.
 E = Time spent auto-exploring this place.
 F = Levels seen in this place.
 G = Mean time per level.
                   A        B        C        D        E       F      G
               +--------+--------+--------+--------+--------+-----+--------+
         Total |   9186 |   8910 |    276 |   2285 |   4695 |  10 |  918.6 |
       Dungeon |   9164 |   8888 |    276 |   2285 |   4695 |   9 | 1018.2 |
        Temple |     21 |     21 |      0 |      0 |      0 |   1 |   21.0 |
               +--------+--------+--------+--------+--------+-----+--------+

Top non-repeatable levels by time:
     D:6: 1764 daAuts
     D:8: 1386 daAuts
     D:5: 1037 daAuts
     D:7: 1035 daAuts
     D:2: 1029 daAuts
     D:4: 942 daAuts
     D:9: 745 daAuts
     D:1: 649 daAuts
     D:3: 573 daAuts
  Temple: 21 daAuts
